 Dungeon Crawl Stone Soup version 0.32-a0-768-g0f6f1dd4b9 (webtiles) character file.

Game seed: 17640712042665142357

569 Leszczynek the Fighter (level 7, -4/84 HPs)
             Began as an Oni Alchemist on Mar 18, 2024.
             Slain by a gnoll
             ... wielding a +0 club
             ... led by a gnoll sergeant
              (6 damage)
             ... on level 6 of the Dungeon.
             The game lasted 00:11:02 (2190 turns).

Leszczynek the Fighter (Oni Alchemist)              Turns: 2190, Time: 00:11:03

Health: -4/84      AC:  3    Str: 13    XL:     7   Next: 33%
Magic:  7/10       EV:  9    Int: 14    God:
Gold:   162        SH:  0    Dex: 11    Spells: 7/10 levels left

rFire   . . .        h - +3 dagger (vamp)
rCold   . . .        (no shield)
rNeg    . . .        a - +0 robe
rPois   .            (helmet restricted)
rElec   .            (no cloak)
rCorr   .            (gloves unavailable)
SInv    .            (boots unavailable)
Will    .....        l - amulet of regeneration
Stlth   ++           (no ring)
HPRegen 1.14/turn    (no ring)
MPRegen 0.12/turn

%: clarity
@: no status effects
A: large, unfitting armour, horns 1, tough skin 1, double potion healing,
drunken brawling, clarity, dopey 1
a: no special abilities


You were on level 6 of the Dungeon.
You visited 1 branch of the dungeon, and saw 6 of its levels.

You collected 228 gold pieces.
You spent 66 gold pieces at shops.

Inventory:

Hand Weapons
 e - a +0 dagger
 h - a +3 vampiric dagger (weapon)
 s - a +0 quarterstaff
Missiles
 d - a curare-tipped dart
 f - 6 poisoned darts
Armour
 a - a +0 robe (worn)
Jewellery
 l - an amulet of regeneration (around neck)
Scrolls
 c - 4 scrolls of teleportation
 i - a scroll of noise {unknown}
 k - a scroll of fog {unknown}
 m - a scroll of fear
 n - a scroll of enchant armour {unknown}
 p - a scroll of immolation {unknown}
 q - 2 scrolls of blinking
Potions
 b - 2 potions of magic
 g - 2 potions of might


   Skills:
 + Level 9.9 Fighting
 - Level 1.7 Dodging
 - Level 1.4 Stealth
 - Level 2.4 Spellcasting
 - Level 0.8 Conjurations
 - Level 2.6 Alchemy


You had 7 spell levels left.
You knew the following spells:

 Your Spells              Type           Power      Damage    Failure   Level
a - Sting                 Conj/Alch      24%        1d4       11%         1
b - Mercury Vapours       Alch/Air       10%        N/A       21%         2

Your spell library contained the following spells:

 Spells                   Type           Power      Damage    Failure   Level
 Apportation              Tloc           2%         N/A       22%         1
 Jinxbite                 Hex            2%         N/A       34%         2
 Mephitic Cloud           Conj/Alch/Air  4%         N/A       38%         3
 Olgreb's Toxic Radiance  Alch           9%         N/A       58%         4
 Sticky Flame             Fire/Alch      5%         2d4       78%         4
 Alistair's Intoxication  Alch           6%         N/A       91%         5


Dungeon Overview and Level Annotations

Branches:
Dungeon (7/15)
 Temple: D:4-7

Altars:
Hepliaklqana
Trog

Shops:
D:4 *


Innate Abilities, Weirdness & Mutations

You are too large for most types of armour.
You have a pair of small horns on your head.
You have tough skin. (AC +1)
You gain doubled healing and magic from potions.
Whenever you drink a healing potion, you attack all around you.
You possess an exceptional clarity of mind.
You are dopey. (Int -2)


Message History

The gnoll shouts!
You hit the gnoll.
You feel better.
You headbutt the gnoll.
You kill the gnoll!
The gnoll sergeant barely misses you. The gnoll sergeant closely misses you.
You see here a +0 halberd.
You barely miss the gnoll sergeant. You headbutt the gnoll sergeant.
The gnoll sergeant is lightly wounded.
The gnoll sergeant hits you with a +3 spear of flaming!
The gnoll sergeant burns you.
You hit the gnoll sergeant but do no damage.
The gnoll sergeant is lightly wounded.
The gnoll sergeant hits you with a +3 spear of flaming!
The gnoll sergeant burns you.
You hit the gnoll sergeant.
The gnoll sergeant is moderately wounded.
The gnoll sergeant hits you with a +3 spear of flaming.
The gnoll sergeant burns you. The gnoll completely misses you.
You hit the gnoll sergeant but do no damage.
You headbutt the gnoll sergeant, but do no damage.
The gnoll sergeant is moderately wounded.
The gnoll sergeant hits you with a +3 spear of flaming!
The gnoll sergeant burns you. The gnoll hits you with a +0 club.
You barely miss the gnoll sergeant.
The gnoll sergeant is lightly wounded.
The gnoll sergeant hits you with a +3 spear of flaming!
* * * LOW HITPOINT WARNING * * *
The gnoll sergeant burns you.
* * * LOW HITPOINT WARNING * * *
The gnoll hits you but does no damage.
You hit the gnoll sergeant but do no damage.
You headbutt the gnoll sergeant.
The gnoll sergeant is moderately wounded.
You hear the hiss of an avalanche of sand very nearby.
The gnoll sergeant hits you with a +3 spear of flaming.
* * * LOW HITPOINT WARNING * * *
The gnoll sergeant burns you.
* * * LOW HITPOINT WARNING * * *
The gnoll hits you with a +0 club.
You die...

...................
....................
.................$..
...................
...............#..
...............#.#
......g)......#..##
......#####...#g).##
......# #..#.g@..#
......+ #.#..##...#
......# #...#######
......#####..##
......g.....##
............#
...........##
...........#
.............###


You could see a gnoll sergeant and a gnoll.

Vanquished Creatures
  A kobold brigand (D:6)
  A bullfrog (D:6)
  A scorpion (D:6)
  3 hounds
  A jelly (D:6)
  A bombardier beetle (D:3)
  An iguana (D:6)
  A sleepcap (D:4)
  2 orc wizards (D:4)
  3 gnolls (D:6)
  4 adders
  A ribbon worm (D:3)
  3 orcs
  4 endoplasms
  2 giant cockroaches
  2 goblins
  4 hobgoblins
  5 jackals (D:1)
  9 kobolds
  3 quokkas
  5 ball pythons
  8 bats
  2 frilled lizards (D:2)
  3 rats (D:1)
70 creatures vanquished.

Vanquished Creatures (others)
  An adder (D:2)
1 creature vanquished.

Grand Total: 71 creatures vanquished

Notes
Turn   | Place    | Note
-------+----------+-------------------------------------------
     0 | D:1      | Leszczynek the Oni Alchemist began the quest for the Orb.
     0 | D:1      | Reached XP level 1. HP: 16/16 MP: 3/3
    86 | D:1      | Reached skill level 1 in Fighting
   111 | D:1      | Reached skill level 2 in Fighting
   148 | D:1      | Reached XP level 2. HP: 24/28 MP: 1/5
   165 | D:1      | Learned a level 2 spell: Mercury Vapours
   357 | D:1      | Reached skill level 3 in Fighting
   511 | D:1      | Reached XP level 3. HP: 37/37 MP: 4/6
   819 | D:2      | Reached skill level 4 in Fighting
   868 | D:2      | Gained mutation: You are dopey. (Int -2) [potion of
                  | mutation]
   868 | D:2      | Gained mutation: You possess an exceptional clarity of
                  | mind. [potion of mutation]
  1242 | D:3      | Reached skill level 5 in Fighting
  1242 | D:3      | Reached XP level 4. HP: 50/50 MP: 0/7
  1518 | D:3      | Reached XP level 5. HP: 56/59 MP: 6/8
  1525 | D:3      | Reached skill level 6 in Fighting
  1586 | D:3      | Found a hazy altar of Hepliaklqana.
  1588 | D:3      | Found a bloodstained altar of Trog.
  1740 | D:4      | Found Oschepod's CLEARANCE SALE!.
  1748 | D:4      | Bought a scroll of blinking for 30 gold pieces
  1748 | D:4      | Bought a scroll of teleportation for 12 gold pieces
  1748 | D:4      | Bought a scroll of identify for 8 gold pieces
  1748 | D:4      | Bought a +0 quarterstaff for 16 gold pieces
  1790 | D:4      | Reached skill level 7 in Fighting
  1807 | D:4      | Reached XP level 6. HP: 53/71 MP: 4/9
  1884 | D:4      | You fall into a shaft and drop 3 floors!
  1999 | D:6      | Reached skill level 8 in Fighting
  2031 | D:6      | Reached skill level 9 in Fighting
  2031 | D:6      | Reached XP level 7. HP: 30/83 MP: 3/10
  2189 | D:6      | HP: 15/84 [gnoll sergeant/+3 spear of flaming (12)]
  2190 | D:6      | HP: 5/84 [gnoll sergeant/+3 spear of flaming (5)]
  2190 | D:6      | HP: 2/84 [gnoll sergeant/+3 spear of flaming (3)]
  2190 | D:6      | Slain by a gnoll

Illustrated notes

Levels and vault maps discovered:
D:1:      nzn_arrival_depleted_hourglass, layout_basic
D:2:      layout_loops_ring, lemuel_flame_loot_1
D:3:      layout_basic, nicolae_overflow_hidden_temple
D:4:      layout_basic, minmay_temple_entry_ruins, serial_shops,
          nicolae_shop_hallway_plus, nicolae_shop_clearance
D:6:      layout_layer_cave, enter_ossuary_2, kennysheep_generic_room_16
D:7:      layout_basic, minmay_misc_feat_encased, uniq_pikel

Skill      XL: |  1  2  3  4  5  6 |
---------------+-------------------+-----
Fighting       | 2 3 5 7 9 |  9.9
Dodging        | |  1.7
Stealth        | |  1.4
Spellcasting   | |  2.4
Conjurations   | |  0.8
Alchemy        | |  2.6

Action                     |  1- 3 |  4- 6 |  7- 9 || total
---------------------------+-------+-------+-------++-------
  Melee: Dagger            |    48 |    99 |    32 ||   179
         Headbutt          |     3 |    21 |     9 ||    33
   Cast: Sting             |    31 |    17 |     7 ||    55
         Mercury Vapours   |     2 |     8 |     3 ||    13
    Use: Scroll            |     2 |     4 |       ||     6
         Potion            |     1 |     2 |     1 ||     4
   Stab: Sleeping          |     1 |     4 |       ||     5
 Armour: Robe              |    38 |    87 |    28 ||   153
         Skin              |       |    10 |     7 ||    17
  Dodge: Dodged            |    34 |    42 |    21 ||    97

Table legend: (Time is in decaauts)
 A = Elapsed time spent in this place.
 B = Non-inter-level travel time spent in this place.
 C = Inter-level travel time spent in this place.
 D = Time resting spent in this place.
 E = Time spent auto-exploring this place.
 F = Levels seen in this place.
 G = Mean time per level.
                   A        B        C        D        E       F      G
               +--------+--------+--------+--------+--------+-----+--------+
         Total |   2192 |   2008 |    184 |     33 |     23 |   6 |  365.3 |
       Dungeon |   2192 |   2008 |    184 |     33 |     23 |   6 |  365.3 |
               +--------+--------+--------+--------+--------+-----+--------+

Top non-repeatable levels by time:
     D:1: 665 daAuts
     D:3: 532 daAuts
     D:2: 444 daAuts
     D:6: 304 daAuts
     D:4: 239 daAuts
     D:7: 5 daAuts
